Map: Wolfe Industries Compound

Players

kbghMEX - Winner!

  • Race: Protoss Protoss
  • League: Silver
  • Spawn Location: 7:00

juhyg - Winner!

  • Race: Zerg Zerg
  • League: Bronze
  • Spawn Location: 7:00

DrJalapeno

  • Race: Protoss Protoss
  • League: Bronze
  • Spawn Location: 12:00

wecl

  • Race: Terran Terran
  • Spawn Location: 3:00

VOD

Have the link to the VOD?

Description

Time

  • Played on: Feb. 7, 2016, 5:38 p.m.
  • Length: 15:25
Show
View Real Time Build Order
Export as new Build Order

kbghMEX Protoss - Winner!

Build Orders:  

Get SALT Encoding   

  12  0:19  Pylon, Probe (Chrono Boost)  
  13  0:30  Probe (Chrono Boost)  
  14  0:40  Probe (Chrono Boost)  
  15  0:48  Forge  
  15  0:52  Pylon  
  15  0:58  Probe (Chrono Boost)  
  16  1:08  Probe (Chrono Boost)  
  17  1:30  Photon Cannon  
  17  1:31  Photon Cannon  
  17  1:46  Gateway  
  17  1:51  Pylon  
  17  2:13  Photon Cannon  
  17  3:27  Pylon  
  17  3:38  Pylon  
  17  3:45  Pylon  
  17  4:05  Photon Cannon  
  17  4:15  Pylon  
  17  4:30  Pylon  
  17  4:47  Pylon  
  16  5:01  Assimilator  
  16  5:06  Assimilator  
  16  5:08  Pylon  
  16  5:12  Pylon  
  16  5:14  Probe (Chrono Boost)  
  16  5:15  Pylon  
  16  5:16  Cybernetics Core  
  16  5:17  Cybernetics Core  
  17  5:25  Probe (Chrono Boost)  
  18  5:46  Nexus  
  18  5:48  Assimilator  
  18  5:51  Assimilator  
  18  5:57  Nexus  
  18  6:00  Assimilator  
  18  6:02  Pylon  
  18  6:06  Assimilator, Pylon  
  18  6:10  Pylon  
  18  6:15  Pylon  
  18  6:45  Probe (Chrono Boost)  
  19  6:56  Stargate, Probe (Chrono Boost)  
  20  7:06  Probe (Chrono Boost)  
  21  7:13  Stargate  
  21  7:17  Probe x2 (Chrono Boost)  
  23  7:27  Probe (Chrono Boost)  
  23  7:28  Probe (Chrono Boost)  
  25  7:38  Probe (Chrono Boost)  
  25  7:41  Stargate  
  25  7:42  Stargate  
  26  7:51  Stargate  
  26  7:55  Protoss Air Weapons Level 1  
  26  8:00  Probe (Chrono Boost)  
  26  8:03  Probe (Chrono Boost)  
  28  8:26  Probe (Chrono Boost)  
  29  8:31  Probe (Chrono Boost)  
  30  8:37  Probe (Chrono Boost)  
  30  8:38  Probe (Chrono Boost)  
  32  8:47  Probe (Chrono Boost)  
  33  8:49  Probe (Chrono Boost)  
  34  8:58  Probe (Chrono Boost)  
  34  8:59  Probe (Chrono Boost)  
  36  9:08  Probe (Chrono Boost)  
  36  9:09  Probe (Chrono Boost)  
  38  9:16  Probe (Chrono Boost)  
  39  9:19  Probe x2 (Chrono Boost)  
  41  9:26  Probe (Chrono Boost)  
  41  9:30  Probe x2 (Chrono Boost)  
  44  9:40  Probe (Chrono Boost)  
  44  9:41  Probe (Chrono Boost)  
  46  9:51  Probe (Chrono Boost)  
  46  9:52  Probe (Chrono Boost)  
  48  9:53  Protoss Air Armor Level 1  
  48  10:01  Probe (Chrono Boost), Fleet Beacon  
  48  10:02  Probe (Chrono Boost)  
  50  10:08  Mothership Core (Chrono Boost)  
  50  10:12  Probe (Chrono Boost)  
  50  10:13  Probe (Chrono Boost)  
  54  10:22  Probe (Chrono Boost)  
  54  10:23  Probe (Chrono Boost)  
  56  10:33  Probe (Chrono Boost)  
  56  10:34  Probe (Chrono Boost)  
  58  10:38  Void Ray x2  
  58  10:39  Void Ray  
  58  10:42  Void Ray  
  74  10:43  Probe (Chrono Boost)  
  74  10:44  Probe (Chrono Boost)  
  74  10:49  Void Ray  
  80  11:01  Protoss Air Weapons Level 2  
  80  11:21  Void Ray x3  
  92  11:27  Stargate  
  98  11:36  Void Ray  
  102  11:40  Protoss Shields Level 1  
  102  11:48  Twilight Council  
  102  12:10  Void Ray  
  106  12:17  Nexus  
  106  12:19  Assimilator  
  106  12:24  Assimilator  
  106  12:27  Pylon  
  106  12:29  Pylon  
  106  12:32  Pylon  
  106  12:33  Pylon  
  106  12:35  Pylon  
  106  12:45  Void Ray x2  
  106  12:47  Void Ray  
  118  12:52  Protoss Air Armor Level 2 (Chrono Boost)  
  118  12:54  Void Ray  
  118  12:57  Void Ray  
  126  13:05  Void Ray  
  130  13:28  Void Ray x2  
  130  13:34  Void Ray  
  142  13:46  Pylon  
  142  13:48  Pylon  
  142  13:52  Pylon  
  142  13:53  Pylon  
  142  14:04  Void Ray x3  
  154  14:26  Void Ray  
  154  14:27  Void Ray x2  
Show
View Real Time Build Order
Export as new Build Order

juhyg Zerg - Winner!

Build Orders: Hatch First 

Get SALT Encoding   

  12  0:35  Hatchery  
  11  0:48  Drone x2  
  11  0:49  Drone  
  14  1:08  Overlord  
  14  1:11  Overlord  
  14  1:27  Drone  
  15  1:33  Drone, Spawning Pool  
  15  1:43  Drone  
  16  1:52  Extractor  
  16  1:53  Drone  
  16  1:55  Drone  
  17  2:07  Drone x2  
  19  2:11  Drone  
  20  2:27  Drone x3  
  20  2:29  Queen  
  25  2:38  Drone x2  
  27  2:46  Drone  
  27  2:50  Drone  
  29  2:51  Drone  
  29  2:56  Queen  
  29  2:58  Drone  
  33  3:05  Roach Warren  
  32  3:14  Extractor  
  32  3:19  Drone x2  
  34  3:20  Drone x2  
  34  3:26  Extractor  
  34  3:32  Extractor  
  34  3:33  Drone x2  
  35  3:43  Drone  
  35  3:44  Overlord x3  
  35  3:46  Lair  
  36  3:56  Overlord  
  36  4:09  Roach  
  40  4:10  Roach x2  
  42  4:22  Drone  
  42  4:23  Drone  
  42  4:24  Drone x2  
  46  4:36  Metabolic Boost  
  46  4:39  Zergling x8  
  46  4:40  Zergling x2  
  51  4:51  Hatchery  
  50  4:57  Overseer x2  
  50  4:58  Overseer  
  50  5:02  Drone x3  
  50  5:05  Glial Reconstitution  
  53  5:08  Zergling x6  
  53  5:09  Zergling x2  
  53  5:10  Zergling x2  
  58  5:19  Spire  
  57  5:26  Infestation Pit  
  56  5:35  Hydralisk Den  
  55  5:36  Drone x3  
  55  5:37  Drone  
  55  5:40  Roach  
  55  5:41  Roach x3  
  67  5:47  Overlord x2  
  67  5:48  Overlord  
  67  5:57  Overlord x2  
  67  6:11  Hive  
  67  6:19  Evolution Chamber  
  67  6:22  Hydralisk  
  67  6:23  Hydralisk x6  
  67  6:24  Hydralisk x3  
  86  6:28  Roach x2  
  90  6:40  Zerg Flyer Weapons Level 1  
  90  6:52  Zergling x6  
  90  6:53  Zergling x8  
  97  6:57  Zerg Missile Weapons Level 1  
  97  7:47  Mutalisk x5  
  97  7:49  Zergling x6  
  97  7:50  Zergling x8  
  114  7:53  Overlord x4  
  114  7:56  Overlord x2  
  114  8:19  Mutalisk x3  
  114  8:20  Mutalisk  
  114  8:21  Zergling x4  
  114  8:22  Zergling x6  
  127  8:32  Muscular Augments  
  127  8:34  Zerg Flyer Armor Level 1  
  127  8:43  Mutalisk  
  127  8:44  Hatchery  
  127  8:45  Zergling x8  
  127  8:46  Zergling x10  
  137  8:48  Zergling x4  
  139  9:09  Roach x4  
  149  9:10  Zergling x2, Roach  
  149  9:11  Zergling x2  
  151  9:49  Mutalisk x4  
  151  9:50  Zergling x2  
  151  9:51  Zergling x4  
  151  9:52  Overlord x4  
  162  10:07  Zerg Melee Weapons Level 1  
  162  10:11  Mutalisk  
  162  10:14  Mutalisk  
  164  10:15  Zergling x4  
  164  10:16  Zergling x6  
  171  10:28  Zerg Flyer Weapons Level 2  
  171  10:34  Mutalisk  
  171  10:35  Mutalisk  
  175  10:36  Zergling x4  
  175  10:37  Zergling x4  
  144  11:20  Mutalisk x4, Roach  
  144  11:21  Mutalisk  
  144  11:22  Zergling x12  
  144  11:23  Zergling x4  
  168  11:40  Roach x4  
  174  11:47  Roach x4  
  180  12:03  Zerg Ground Armor Level 1  
  180  12:06  Mutalisk  
  183  12:08  Zergling x6  
  183  12:09  Zergling x2  
  182  13:06  Hydralisk x3  
  182  13:07  Hydralisk x5  
  182  13:08  Zergling x2  
  199  13:23  Extractor  
  198  13:27  Extractor  
  198  13:32  Hydralisk  
  124  14:50  Zergling x8  
  124  14:51  Roach x6  
  124  14:52  Roach x4  
Show
View Real Time Build Order
Export as new Build Order

DrJalapeno Protoss 

Build Orders:  

Get SALT Encoding   

  12  0:14  Pylon  
  12  0:20  Assimilator  
  12  0:36  Gateway  
  13  0:43  Probe (Chrono Boost)  
  13  0:53  Probe (Chrono Boost)  
  14  1:04  Probe (Chrono Boost)  
  15  1:26  Cybernetics Core, Probe (Chrono Boost)  
  16  1:37  Probe (Chrono Boost)  
  16  1:38  Assimilator  
  17  1:47  Probe (Chrono Boost)  
  18  1:58  Probe (Chrono Boost)  
  20  2:10  Mothership Core (Chrono Boost)  
  21  2:30  Warp Gate (Chrono Boost)  
  21  2:47  Twilight Council  
  21  2:54  Gateway  
  21  2:57  Gateway  
  19  2:59  Gateway  
  19  3:18  Mothership Core  
  21  3:39  Probe  
  22  3:51  Probe  
  23  4:25  Resonating Glaives  
  23  4:42  Probe  
  22  4:53  Pylon  
  22  5:11  Pylon  
  22  5:15  Pylon  
  22  5:16  Adept x2  
  22  5:17  Adept x2  
  22  6:02  Gateway  
  22  6:04  Gateway  
  22  6:17  Forge  
  22  6:29  Adept  
  22  6:30  Adept x3  
  30  7:02  Adept  
  30  7:03  Adept x3  
  38  7:20  Pylon  
  38  7:27  Pylon  
  38  7:30  Pylon  
  38  7:31  Adept x3  
  38  7:32  Adept  
  38  7:33  Pylon  
  38  7:35  Pylon  
  46  7:56  Adept x2  
  46  7:57  Adept x2  
  54  8:39  Adept x3  
  54  8:40  Adept x3  
  66  8:50  Protoss Ground Weapons Level 1 (Chrono Boost)  
  66  9:04  Adept x3  
  66  9:05  Adept x3  
  78  9:33  Adept x2  
  78  9:34  Adept x2  
  22  11:20  Stalker x3  
  22  11:21  Stalker x3  
  34  11:47  Stalker x3  
  36  11:48  Stalker x3  
  46  12:12  Stalker x2  
  46  12:13  Stalker x3  
Show
View Real Time Build Order
Export as new Build Order

wecl Terran 

Build Orders:  

Get SALT Encoding   

  12  0:17  Supply Depot  
  12  0:29  SCV  
  13  0:36  Refinery  
  13  0:46  Barracks  
  13  0:56  SCV  
  14  1:08  SCV  
  15  1:35  Supply Depot, Engineering Bay  
  15  1:46  Marine  
  16  2:02  Barracks  
  16  2:04  Marine  
  16  2:06  Terran Infantry Weapons Level 1  
  17  2:22  Marine  
  18  2:39  Marine  
  17  2:52  Supply Depot  
  17  2:57  Marine  
  18  3:09  Marine  
  18  3:15  Marine  
  17  3:27  Marine  
  17  3:33  Marine  
  19  4:22  Supply Depot  
  19  4:43  Marine x2  
  19  4:45  Supply Depot  
  21  4:56  Terran Infantry Armor Level 1  
  21  5:01  Marine x2  
  23  5:07  Supply Depot  
  23  5:19  Marine x2  
  23  5:20  Factory  
  25  5:31  Supply Depot  
  25  5:36  Marine x2  
  24  5:54  Marine x2  
  26  6:12  Marine x2  
  26  6:13  Factory Tech Lab  
  28  6:21  Barracks  
  28  6:30  Bunker, Marine x2  
  30  6:48  Marine x2  
  32  7:00  Supply Depot  
  32  7:02  Siege Tank  
  32  7:05  Marine x2  
  37  7:22  Supply Depot  
  37  7:23  Marine x2  
  39  7:41  Marine x2  
  41  7:49  SCV  
  42  7:59  Marine x2  
  42  8:02  SCV  
  45  8:14  SCV  
  45  8:17  Marine x2  
  48  8:26  Sensor Tower, SCV  
  49  8:34  Marine x2  
  49  8:35  Barracks Tech Lab  
  49  8:38  SCV  
  52  8:52  Marine x2  
  54  9:04  Armory  
  54  9:10  Marine x2  
  56  9:21  Combat Shields  
  56  9:28  Marine x2  
  58  9:46  Marine x2  
  58  9:52  Starport  
  60  10:04  Marine x2  
  62  10:21  Marine  
  63  10:40  Stimpack  
  63  10:58  Supply Depot  
  63  11:19  Marine x2  
  63  11:20  Supply Depot  
  65  11:37  Marine x2  
  67  11:43  Supply Depot, Terran Infantry Weapons Level 2  
  67  11:48  Starport Tech Lab  
  67  11:55  Marine x2  
  67  11:57  Orbital Command  
  69  12:06  Supply Depot  
  69  12:13  Marine x2  
  71  12:30  Supply Depot  
  71  12:31  Marine x2  
  73  12:48  Marine  
  74  12:53  Supply Depot  
  74  13:01  Thor  
  80  13:44  Thor  
  36  14:26  Banshee  
  36  14:30  Marine  
  40  14:32  Marine  
  30  14:48  Marine  
  30  14:50  Marine  
Tags
 
Add a new tag
Caveats
  • Supply blocks, unpowered buildings, or Contaminate may cause inaccurate times.
  • Supply counts are checked every 10 seconds.